 Dungeon Crawl Stone Soup version 0.31-a0-845-g9abc20d24f (webtiles) character file.

Game seed: 17303360320756278176

9640 Shayle the Grave Robber (level 11, -4/90 HPs)
             Began as a Demonspawn Reaver on Oct 1, 2023.
             Was a Believer of Ashenzari.
             Slain by a hell knight
             ... wielding a +3 flail of flaming
              (18 damage)
             ... in a volcano.
             The game lasted 00:25:55 (8663 turns).

Shayle the Grave Robber (Demonspawn Reaver)         Turns: 8663, Time: 00:25:56

Health: -4/90      AC: 12    Str: 12    XL:     11   Next: 25%
Magic:  20/24      EV: 13    Int: 19    God:    Ashenzari [**....]
Gold:   496        SH:  0    Dex: 12    Spells: 21/28 levels left

rFire   . . .        J - +2 shortbow (flame)
rCold   + . .        (shield currently unavailable)
rNeg    . . .        b - +0 leather armour
rPois   .            o - +1 helmet of the Ruined Comet {Self, Cun} (curse)
rElec   .            g - +1 cloak "Circumscribed With Me" {Elem, Self} (curse)
rCorr   .            (gloves unavailable)
SInv    +            k - +1 pair of boots of Supernal Knowledge {Alch, Self} (curse)
Will    .....        (no amulet)
Stlth   +            t - ring of protection from cold
HPRegen 0.35/turn    (no ring)
MPRegen 0.19/turn

%: no passive effects
@: no status effects
A: slimy green scales 1, demonic guardian 2, condensation shield, demonic touch
3
a: Renounce Religion, Curse Item, Shatter the Chains


You were in a volcano.
You worshipped Ashenzari.
Ashenzari was pleased with you.
You visited 3 branches of the dungeon, and saw 10 of its levels.
You also visited: Sewer and Volcano.

You collected 496 gold pieces.

Inventory:

Hand Weapons
 a - a +0 spear
 c - a +2 dagger of venom
 i - the +6 rapier of Gallantry {freeze, +Blink Int+3 Dex-2 Stlth+}
   (You found it on level 5 of the Dungeon)

   Int+3:     It affects your intelligence (+3).
   Dex-2:     It affects your dexterity (-2).
   +Blink:    It lets you blink.
   Stlth+:    It makes you more stealthy.
 u - the +5 mace "Hacluyra" {protect, rF+ Int+5 Dex+2}
   (You found it on level 2 of the Dungeon)

   Int+5:     It affects your intelligence (+5).
   Dex+2:     It affects your dexterity (+2).
   rF+:       It protects you from fire.
 A - the +6 mace of Riusty {spect, Str+4}
   (You found it on level 2 of the Dungeon)

   Str+4:     It affects your strength (+4).
 J - a +2 shortbow of flaming (weapon)
Missiles
 C - 6 curare-tipped darts
 I - a throwing net
Armour
 b - a +0 leather armour (worn)
 g - the cursed +1 cloak "Circumscribed With Me" (worn) {Elem, Self}
   (You found it on level 1 of the Dungeon)

   It has a curse which improves the following skills: Elements: Fire Magic, Ice
   Magic, Air Magic and Earth Magic.
   Introspection: Fighting and Spellcasting.
 k - the cursed +1 pair of boots of Supernal Knowledge (worn) {Alch, Self}
   (You found it on level 2 of the Dungeon)

   It has a curse which improves the following skills: Alchemy: Poison Magic and
   Transmutations.
   Introspection: Fighting and Spellcasting.
 o - the cursed +1 helmet of the Ruined Comet (worn) {Self, Cun}
   (You found it on level 5 of the Dungeon)

   It has a curse which improves the following skills: Introspection: Fighting
   and Spellcasting.
   Cunning:   Dodging and Stealth.
 y - a +2 chain mail of cold resistance
Magical Staves
 h - the staff of the Madman {rPois Dex+5 Poison}
   (You found it on level 5 of the Dungeon)

   [staff of poison]

   Base accuracy: +5 Base damage: 5 Base attack delay: 1.2 This weapon's minimum
   attack delay (0.6) is reached at skill level 12.
   Dex+5:     It affects your dexterity (+5).
   rPois:     It protects you from poison Poison: It increases the power of your
   Poison spells.
   It falls into the 'Staves' category.
   It is a one-handed weapon.
Jewellery
 t - a ring of protection from cold (left hand)
Wands
 m - a wand of flame (9)
 p - a wand of roots (7)
 v - a wand of digging (6)
 B - a wand of polymorph (19)
 H - a wand of mindburst (3)
Scrolls
 d - 2 scrolls of amnesia
 f - a scroll of vulnerability
 q - a scroll of brand weapon
 r - a scroll of torment
 x - a scroll of immolation
 D - 3 scrolls of revelation
 E - a scroll of fog
Potions
 e - 3 potions of curing
 j - 4 potions of might
 l - 2 potions of lignification
 n - a potion of brilliance
 s - a potion of mutation
 z - a potion of enlightenment
 F - a potion of resistance
 G - a potion of attraction


   Skills:
 + Level 7.4(9.8) Fighting
 - Level 2.6 Polearms
 + Level 6.5 Armour
 + Level 4.5(5.6) Dodging
 + Level 6.8(9.2) Spellcasting
 - Level 3.0 Conjurations
 + Level 7.6 Necromancy
 + Level 3.9(5.0) Fire Magic
 - Level 4.6(5.7) Ice Magic
 + Level 3.9(5.0) Earth Magic
 + Level 4.3(5.4) Poison Magic


You had 21 spell levels left.
You knew the following spells:

 Your Spells              Type           Power      Damage    Failure   Level
a - Kiss of Death         Conj/Necr      100%       2d13      1%          1
b - Frozen Ramparts       Ice            60%        1d10      2%          3
c - Stone Arrow           Conj/Erth      46%        3d9       6%          3

Your spell library contained the following spells:

 Spells                   Type           Power      Damage    Failure   Level
 Freeze                   Ice            100%       1d10      1%          1
 Sandblast                Erth           54%        2d13      1%          1
 Ozocubu's Armour         Ice            30%        N/A       2%          3
 Hailstorm                Conj/Ice       25%        3d7       4%          3
 Dispel Undead            Necr           37%        3d15      4%          4
 Passwall                 Tmut/Erth      15%        N/A       5%          2
 Momentum Strike          Conj/Tloc      28%        3d8       9%          2
 Brom's Barrelling Bould  Conj/Erth      23%        2d4       19%         4
 Confusing Touch          Hex            8%         N/A       30%         3
 Tukima's Dance           Hex            8%         N/A       30%         3
 Passage of Golubria      Tloc           8%         N/A       69%         4
 Yara's Violent Unravell  Hex/Tmut       4%         3d4       95%         5
 Ozocubu's Refrigeration  Ice            15%        4d10      100%        7


Dungeon Overview and Level Annotations

Branches:
Dungeon (8/15)             Temple (1/1) D:4            Lair (1/5) D:8
  Sewer (visited)         Volcano (1/1)

Altars:
Ashenzari
Cheibriados
Dithmenos
Fedhas
Hepliaklqana
Kikubaaqudgha
Makhleb
Nemelex Xobeh
Okawaru
Qazlal
Ru
Sif Muna
Trog
Uskayaw
Vehumet
Wu Jian
Xom
Yredelemnul

Annotations:
D:4 2 transporters
D:5 1 runed translucent door, Crazy Yiuf
D:7 1 transporter, Jeremiah; boiyoioing's ghost, novice GnCA


Innate Abilities, Weirdness & Mutations

You are partially covered in slimy green scales. (AC +2)
A demonic guardian rushes to your aid.
A meltable shield of frost defends you. (SH +0)
Your touch may irresistibly damage your foes and sap their willpower.


Message History

You shoot an arrow. The arrow hits the yaktaur!
The arrow burns the yaktaur.
The yaktaur is almost dead.
The frozen ramparts melt away.
The grasping roots constrict the yaktaur!
You kill the yaktaur!
The grasping roots constrict the hell knight!
The roots release their grip on the hell knight.
Your rust devil hits the hell knight.
Your rust devil corrodes the hell knight!
The hell knight hits you with a +3 flail of flaming!!
The hell knight burns you.
Unknown command.
You feel better.
Your rust devil hits the hell knight.
The hell knight seems to be corroded for longer.
The hell knight utters an invocation to its god.
The hell knight seems to speed up.
Unknown command.
You shoot an arrow.
The arrow barely misses the hell knight.
The hell knight hits you with a +3 flail of flaming!!
* * * LOW HITPOINT WARNING * * *
The hell knight burns you.
* * * LOW HITPOINT WARNING * * *
Your rust devil hits the hell knight.
The hell knight seems to be corroded for longer.
The hell knight hits you with a +3 flail of flaming.
* * * LOW HITPOINT WARNING * * *
A demonic guardian appears!
The hell knight burns you.
* * * LOW HITPOINT WARNING * * *
Your rust devil hits the hell knight.
The hell knight seems to be corroded for longer.
You feel better.
The hell knight hits you with a +3 flail of flaming.
* * * LOW HITPOINT WARNING * * *
The hell knight burns you.
* * * LOW HITPOINT WARNING * * *
Your rust devil hits the hell knight.
The hell knight seems to be corroded for longer.
The hell knight hits you with a +3 flail of flaming!!
You die...

#§ #..'.!...'.
§§≈##..'.._..'.
≈§§#..c#.....#..
≈≈§#...#######..
≈≈≈#...')$.$!'...#
≈≈≈#...#..≈..#...#
#..)#8≈≈≈8#...#
#..p@4≈..'..#
§≈#..4.....'..#≈≈
§≈≈##.#8))§8#.##§≈
§≈§§###...§.###§≈≈
#≈§≈≈§§.....≈≈§≈≈#
#≈§§§§≈8...8§≈≈≈#
##≈≈§≈≈....§≈≈###
###≈≈≈....§§§#
#≈§§8...8≈##


You could see a hell knight (fast, corroded, ally target), a friendly hellwing
(summoned) and a friendly rust devil (summoned).

Vanquished Creatures
  A centaur warrior (Volcano)
  Harold (Lair:1)
  A two-headed ogre (D:8)
  2 elephants (Lair:1)
  2 yaktaurs (Volcano)
  Eustachio (D:5)
  A basilisk (Lair:1)
  4 water moccasins
  2 orc warriors
  3 sky beasts
  A black bear (D:7)
  An ice beast (D:6)
  An ogre (D:6)
  2 centaurs (Volcano)
  3 phantoms
  A bullfrog (D:7)
  A gnoll sergeant (D:7)
  4 wights (D:6)
  4 killer bees (D:8)
  A jelly (D:4)
  7 orc priests
  2 hounds
  3 iguanas
  6 orc wizards
  Terence (D:2)
  10 gnolls
  10 adders
  2 white imps (D:7)
  2 worms
  2 dart slugs
  38 orcs
  5 ball pythons
  6 endoplasms
  4 giant cockroaches
  6 goblins
  11 hobgoblins
  A jackal (Sewer)
  2 quokkas (D:1)
  2 bats (D:1)
  3 frilled lizards
  5 kobolds
  8 rats
173 creatures vanquished.

Vanquished Creatures (collateral kills)
  4 elephants (Lair:1)
  A cane toad (Lair:1)
  Grinder (D:4)
  A polar bear (Lair:1)
  2 wyverns
  2 basilisks (Lair:1)
  An acid dragon (D:8)
  A water moccasin (Lair:1)
  2 orc warriors
  2 centaurs
  A gnoll sergeant (D:8)
  Dowan (D:5)
  A killer bee (D:8)
  A howler monkey (D:5)
  An orc priest (D:8)
  A sleepcap (D:8)
  An orc wizard (D:8)
  4 gnolls (D:8)
  4 orcs
  A quokka (D:5)
  A rat (D:5)
34 creatures vanquished.

Vanquished Creatures (others)
  A centaur (Volcano)
  2 spectral weapons
3 creatures vanquished.

Grand Total: 210 creatures vanquished

Notes
Turn   | Place    | Note
-------+----------+-------------------------------------------
     0 | D:1      | Shayle the Demonspawn Reaver began the quest for the Orb.
     0 | D:1      | Reached XP level 1. HP: 16/16 MP: 3/3
    76 | D:1      | Gained mutation: Your touch may inflict minor irresistible
                  | damage on your foes. [demonic ancestry]
    76 | D:1      | Reached XP level 2. HP: 22/22 MP: 5/5
   154 | D:1      | Reached skill level 1 in Necromancy
   302 | D:1      | Reached skill level 1 in Armour
   302 | D:1      | Gained mutation: A weak demonic guardian rushes to your
                  | aid. [demonic ancestry]
   302 | D:1      | Reached XP level 3. HP: 12/28 MP: 6/6
  1008 | D:2      | You fall into a shaft and drop 2 floors!
  1206 | D:2      | Identified the +5 mace "Hacluyra" {protect, rF+ Int+5
                  | Dex+2}
  1422 | D:2      | Gained mutation: A demonic guardian rushes to your aid.
                  | [demonic ancestry]
  1422 | D:2      | Reached XP level 4. HP: 31/34 MP: 7/7
  1537 | D:2      | Noticed Terence
  1544 | D:2      | Killed Terence
  1545 | D:2      | Reached skill level 1 in Ice Magic
  1829 | D:2      | Identified the +6 mace of Riusty {spect, Str+4}
  2111 | D:3      | Noticed a phantom
  2120 | D:3      | Killed a phantom
  2121 | D:3      | Gained mutation: Your touch may inflict irresistible damage
                  | on your foes. [demonic ancestry]
  2121 | D:3      | Reached XP level 5. HP: 35/41 MP: 9/9
  2489 | D:4      | Reached XP level 6. HP: 18/47 MP: 10/10
  2611 | D:4      | Found a transporter.
  2936 | D:4      | Noticed Grinder
  2947 | D:4      | Paralysed by Grinder for 5 turns
  2950 | D:4      | Killed Grinder
  3071 | D:4      | Found a staircase to the Ecumenical Temple.
  3075 | Temple   | Entered the Ecumenical Temple
  3103 | Temple   | Became a worshipper of Ashenzari the Shackled
  3124 | D:4      | Reached XP level 7. HP: 44/53 MP: 12/12
  3427 | D:4      | Found a transporter.
  3648 | D:5      | Entered Level 5 of the Dungeon
  3672 | D:5      | Found a glowing drain.
  3685 | Sewer    | Entered a sewer
  4036 | D:5      | Noticed Duvessa
  4177 | D:5      | Noticed Dowan
  4200 | D:5      | Killed Dowan
  4213 | D:5      | Duvessa changed into Duvessa the sky beast
  4213 | D:5      | Noticed Duvessa
  4216 | D:5      | Killed Duvessa the sky beast
  4217 | D:5      | Gained mutation: You are partially covered in slimy green
                  | scales. (AC +2) [demonic ancestry]
  4217 | D:5      | Reached XP level 8. HP: 61/61 MP: 14/14
  4408 | D:5      | Identified the staff of the Madman {rPois Dex+5 Poison}
  4430 | D:5      | Found a runed translucent door.
  4431 | D:5      | Noticed Crazy Yiuf
  4504 | D:5      | Identified the +6 rapier of Gallantry {freeze, +Blink Int+3
                  | Dex-2 Stlth+}
  5048 | D:6      | Noticed Eustachio
  5068 | D:5      | Killed Eustachio
  5069 | D:5      | Reached skill level 5 in Fighting
  5143 | D:6      | Reached * piety under Ashenzari
  5157 | D:6      | Reached skill level 5 in Necromancy
  5494 | D:6      | Reached skill level 5 in Spellcasting
  5704 | D:6      | Reached XP level 9. HP: 70/71 MP: 18/18
  6110 | D:6      | Reached ** piety under Ashenzari
  6129 | D:7      | Noticed boiyoioing's ghost (novice GnCA)
  6129 | D:7      | Found a transporter.
  6159 | D:7      | Identified the +9 dire flail "Foessi Bor" {elec, rN+}
  6159 | D:7      | Noticed a two-headed ogre
  6286 | D:7      | Reached skill level 1 in Poison Magic
  6357 | D:7      | Reached skill level 5 in Armour
  6357 | D:7      | Reached skill level 1 in Fire Magic
  6357 | D:7      | Reached skill level 1 in Earth Magic
  6389 | D:8      | Found a staircase to the Lair.
  6769 | D:8      | Noticed a two-headed ogre
  6783 | D:8      | Killed a two-headed ogre
  6784 | D:8      | Gained mutation: A meltable shield of frost defends you.
                  | (SH +0) [demonic ancestry]
  6784 | D:8      | Reached XP level 10. HP: 25/82 MP: 22/22
  7363 | D:7      | Noticed Jeremiah
  7400 | D:8      | Learned a level 3 spell: Frozen Ramparts
  7404 | D:8      | Learned a level 3 spell: Stone Arrow
  7564 | D:8      | Found a hide-covered altar of Uskayaw.
  7692 | Lair:1   | Entered Level 1 of the Lair of Beasts
  7730 | Lair:1   | Noticed an elephant
  7731 | Lair:1   | Noticed an elephant
  7731 | Lair:1   | Noticed an elephant
  7733 | Lair:1   | Noticed an elephant
  7734 | Lair:1   | Noticed an elephant
  7735 | Lair:1   | Noticed an elephant
  7736 | Lair:1   | Noticed a cane toad
  7747 | Lair:1   | Killed a cane toad
  7750 | Lair:1   | Killed an elephant
  7754 | Lair:1   | Killed an elephant
  7754 | Lair:1   | Killed an elephant
  7755 | Lair:1   | Killed an elephant
  7757 | Lair:1   | Killed an elephant
  7758 | Lair:1   | Killed an elephant
  7765 | Lair:1   | Gained mutation: Your touch may irresistibly damage your
                  | foes and sap their willpower. [demonic ancestry]
  7765 | Lair:1   | Reached XP level 11. HP: 41/89 MP: 24/24
  7841 | Lair:1   | Found a dark tunnel.
  7841 | Lair:1   | Noticed Harold
  7854 | Lair:1   | Killed Harold
  7878 | Lair:1   | Identified the cursed +1 cloak "Circumscribed With Me"
                  | {Elem, Self} (You found it on level 1 of the Dungeon)
  7878 | Lair:1   | Identified the cursed +1 helmet of the Ruined Comet {Self,
                  | Cun} (You found it on level 5 of the Dungeon)
  7878 | Lair:1   | Identified the cursed +1 pair of boots of Supernal
                  | Knowledge {Alch, Self} (You found it on level 2 of the
                  | Dungeon)
  7894 | Volcano  | Entered a volcano
  8020 | Volcano  | Noticed a centaur warrior
  8162 | Volcano  | Found a radiant altar of Vehumet.
  8162 | Volcano  | Noticed a hell knight
  8659 | Volcano  | Killed a centaur warrior
  8663 | Volcano  | Slain by a hell knight

Illustrated notes

Levels and vault maps discovered:
D:1:      onia_arrival_pyramid, layout_rooms, shapermc_ecumenical_altar_petra
D:2:      layout_basic, minivault_19, uniq_terence
D:3:      layout_loops_ring
D:4:      gammafunk_cloud_chamber, layout_loops_corners,
          minmay_temple_entry_glassed_door, uniq_grinder
D:5:      minmay_evil_eye, layout_loops_ring, cheibrodos_sewer_entry_drain,
          minmay_misc_feat_alley, uniq_crazy_yiuf_cottage, uniq_duvessa
D:6:      layout_basic, lightli_orcish_oven, uniq_eustachio
D:7:      layout_basic, gammafunk_ghost_smash, minmay_between, uniq_jeremiah
D:8:      layout_cave_pools, marbit_many_paths, lair_entry_dummy
Temple:   nicolae_temple_bog_church
Lair:1:   layout_chaotic_city, enter_volcano_1, cheibrodos_lair_caveside_slide,
          st_stairs_6, beast_lair_carwin_11, serial_bayou_shore_a,
          grunt_megastairs_4, serial_bayou_shore_b, uniq_harold, uniq_grum,
          uniq_nergalle
Volcano:  kennysheep_volcano_temple

Skill      XL: |  1  2  3  4  5  6  7  8  9 10 11 |
---------------+----------------------------------+-----
Necromancy     | 1 2 3 4 5 6 7 |  7.6
Armour         | 1 2 3 4 5 6 |  6.5
Ice Magic      | 1 2 3 4 |  4.6
Fighting       | 3 4 5 6 7 |  7.4
Spellcasting   | 3 4 5 6 |  6.8
Dodging        | 3 4 |  4.5
Poison Magic   | 2 3 4 |  4.3
Fire Magic     | 2 3 |  3.9
Earth Magic    | 2 3 |  3.9
Polearms       | |  2.6
Conjurations   | |  3.0

Action                     |  1- 3 |  4- 6 |  7- 9 | 10-12 || total
---------------------------+-------+-------+-------+-------++-------
  Melee: Spear             |    24 |       |       |       ||    24
         Dagger            |    65 |       |       |       ||    65
         Touch             |    12 |     5 |    26 |    12 ||    55
         Mace              |    13 |    54 |   170 |    60 ||   297
         Punch             |       |       |     3 |     1 ||     4
   Fire: Shortbow          |       |       |       |     3 ||     3
   Cast: Frozen Ramparts   |       |       |       |     2 ||     2
         Stone Arrow       |       |       |       |     1 ||     1
 Invoke: Curse Item        |       |       |     3 |       ||     3
  Evoke: Wand              |       |       |     7 |    20 ||    27
    Use: Scroll            |       |     2 |    10 |     3 ||    15
         Potion            |       |       |     3 |     5 ||     8
   Stab: Distracted        |       |     1 |       |     1 ||     2
 Armour: Leather armour    |    55 |    32 |   187 |   113 ||   387
         Skin              |       |       |       |     6 ||     6
  Dodge: Dodged            |    46 |    19 |   158 |    68 ||   291
  Block: Other             |       |       |       |    22 ||    22

Table legend: (Time is in decaauts)
 A = Elapsed time spent in this place.
 B = Non-inter-level travel time spent in this place.
 C = Inter-level travel time spent in this place.
 D = Time resting spent in this place.
 E = Time spent auto-exploring this place.
 F = Levels seen in this place.
 G = Mean time per level.
                   A        B        C        D        E       F      G
               +--------+--------+--------+--------+--------+-----+--------+
         Total |   8804 |   8586 |    218 |   1572 |   4925 |  12 |  733.7 |
       Dungeon |   7442 |   7234 |    208 |    783 |   4880 |   8 |  930.2 |
        Temple |     39 |     29 |     10 |      0 |      0 |   1 |   39.0 |
          Lair |    208 |    208 |      0 |     24 |      0 |   1 |  208.0 |
         Sewer |    341 |    341 |      0 |    196 |     45 |   1 |  341.0 |
       Volcano |    772 |    772 |      0 |    569 |      0 |   1 |  772.0 |
               +--------+--------+--------+--------+--------+-----+--------+

Top non-repeatable levels by time:
     D:8: 1253 daAuts
     D:5: 1145 daAuts
     D:4: 1116 daAuts
     D:2: 1087 daAuts
     D:6: 1059 daAuts
 Volcano: 772 daAuts
     D:3: 740 daAuts
     D:1: 694 daAuts
     D:7: 345 daAuts
   Sewer: 341 daAuts
  Lair:1: 208 daAuts
  Temple: 39 daAuts
